 Dungeon Crawl Stone Soup version 0.31-a0-229-g1fc7ce93e2 (webtiles) character file.

Game seed: 5649534610444549177

28 qw the Shooter (level 3, 0/21 HPs)
             Began as a Gargoyle Hexslinger on July 6, 2023.
             Slain by Sigmund
             ... wielding a +0 scythe
              (8 damage)
             ... on level 2 of the Dungeon.
             The game lasted 00:00:19 (892 turns).

qw the Shooter (Gargoyle Hexslinger)                 Turns: 892, Time: 00:00:20

Health: 0/21       AC:  9    Str: 11    XL:     3   Next: 12%
Magic:  4/4        EV: 12    Int: 13    God:
Gold:   30         SH:  0    Dex: 14    Spells: 3/4 levels left

rFire   . . .        Y - +1 sling
rCold   . . .        (no shield)
rNeg    + . .        c - +0 robe
rPois   inf          (no helmet)
rElec   +            (no cloak)
rCorr   .            (no gloves)
SInv    .            (no boots)
Will    .....        (no amulet)
Stlth   +            g - +4 ring of protection
HPRegen 0.23/turn    (no ring)
MPRegen 0.09/turn

%: no passive effects
@: no status effects
A: sickness immunity, AC +3, negative energy resistance 1, electricity
resistance, torment resistance 1, petrification resistance
a: no special abilities


You were on level 2 of the Dungeon.
You visited 1 branch of the dungeon, and saw 2 of its levels.

You collected 30 gold pieces.


Innate Abilities, Weirdness & Mutations

You are immune to sickness and miasma.
Your stone body is resilient. (AC +3)
You are immune to poison.
You resist negative energy. (rN+)
You are resistant to electric shocks. (rElec)
You are resistant to unholy torment.
You are immune to petrification.


   Skills:
 - Level 2.1 Fighting
 + Level 3.0 Ranged Weapons
 - Level 1.5 Dodging
 - Level 1.0 Spellcasting
 - Level 2.6 Hexes


You had 3 spell levels left.
You knew the following spells:

 Your Spells              Type           Power      Damage    Failure   Level
a - Slow                  Hex            28%        N/A       10%         1

Your spell library contained the following spells:

 Spells                   Type           Power      Damage    Failure   Level
 Inner Flame              Hex/Fire       4%         N/A       43%         3
 Portal Projectile        Hex/Tloc       8%         N/A       43%         3
 Cause Fear               Hex            3%         N/A       67%         4

Inventory:

Hand Weapons
 Y - a +1 sling (weapon)
Armour
 c - a +0 robe (worn)
Jewellery
 g - a +4 ring of protection (left hand)
Scrolls
 a - a scroll of blinking {unknown}
 b - 3 scrolls of identify
Potions
 f - a potion of heal wounds {unknown}
 j - a potion of haste {unknown}

Dungeon Overview and Level Annotations

Branches:
Dungeon (2/15)

Altars:

Annotations:
D:2 Sigmund


Message History

The frilled lizard hisses angrily.
The adder bites you but does no damage. The hobgoblin hits you.
Something hits you but does no damage. The adder bites you.
You shoot a sling bullet. The sling bullet misses the adder.
The adder completely misses you. The hobgoblin barely misses you.
The adder barely misses you. Something hits you.
You shoot a sling bullet. The sling bullet hits the adder.
You kill the adder!
The adder bites you but does no damage.
The hobgoblin hits you but does no damage.
Your Fighting skill increases to level 2!
You have reached level 3!
Your experience leads to an increase in your attributes!
Increase (S)trength, (I)ntelligence, or (D)exterity?
You feel agile. x2
You shoot a sling bullet.
The sling bullet barely misses the adder.
The adder closely misses you. Something hits you but does no damage.
The hobgoblin closely misses you. The adder barely misses you.
The hobgoblin misses you.
You shoot a sling bullet.
The sling bullet barely misses the adder.
The adder bites you but does no damage. Something hits you but does no damage.
The hobgoblin misses you. The adder closely misses you.
You shoot a sling bullet.
The sling bullet barely misses the adder.
The adder barely misses you. Something barely misses you.
The frilled lizard bites you but does no damage.
The hobgoblin hits you but does no damage.
You shoot a sling bullet.
The sling bullet closely misses the adder.
The adder closely misses you.
The frilled lizard bites you but does no damage.
The hobgoblin hits you but does no damage.
The adder bites you but does no damage. Something hits you.
You shoot a sling bullet. The sling bullet misses the adder.
The hobgoblin hits you but does no damage.
The frilled lizard barely misses you. The adder bites you but does no damage.
Something hits you!
You die...

. #..## .#...#
.#...# ....##
#....# #.{..# .#
..####g%S.#...#
......l@.......
#######.#######
##.# #..#
#.##.############
#...............#
###############.#
#######.....#.#
#.......#.#.#.#


You could see an adder, a hobgoblin and a frilled lizard.

Vanquished Creatures
  An adder (D:2)
  A dart slug (D:1)
  A ball python (D:1)
  2 endoplasms (D:1)
  2 hobgoblins
  3 kobolds
  2 quokkas (D:1)
  3 frilled lizards (D:1)
  A rat (D:1)
16 creatures vanquished.

Notes
Turn   | Place    | Note
-------+----------+-------------------------------------------
     0 | D:1      | qw the Gargoyle Hexslinger began the quest for the Orb.
     0 | D:1      | Reached XP level 1. HP: 12/12 MP: 2/2
     0 | D:1      | 0 ||| qw: Version: 0.3-a-46-gb1f654a
     0 | D:1      | 0 ||| qw: Game counter: 1260
     0 | D:1      | 0 ||| qw: Melee chars always use a shield: true
     0 | D:1      | 0 ||| qw: God list: Okawaru
     0 | D:1      | 0 ||| qw: Allow faded altars: false
     0 | D:1      | 0 ||| qw: Do Orc after clearing Dungeon:15 true
     0 | D:1      | 0 ||| qw: Do second Lair branch before Depths: true
     0 | D:1      | 0 ||| qw: Lair rune preference: random
     0 | D:1      | 0 ||| qw: Goals: Normal
     0 | D:1      | 0 ||| PLANNING D:1-11
   311 | D:1      | Reached XP level 2. HP: 15/16 MP: 3/3
   371 | D:1      | 371 ||| FLEEEEING.
   429 | D:1      | Reached skill level 3 in Ranged Weapons
   712 | D:1      | 712 ||| UPGRADING to +4 ring of protection.
   713 | D:1      | 713 ||| READING scroll labelled YHETYA NIGIXIEXIUV.
   714 | D:1      | 714 ||| READING scroll labelled DAORUY BAICS.
   718 | D:1      | 718 ||| READING scroll labelled QIGEOCO LEL.
   719 | D:1      | 719 ||| READING scroll labelled QATUT UPEVOFEA.
   720 | D:1      | 720 ||| DROPPING scroll of poison.
   877 | D:2      | Noticed Sigmund
   888 | D:2      | Reached XP level 3. HP: 10/21 MP: 4/4
   892 | D:2      | Slain by Sigmund

Levels and vault maps discovered:
D:1:      onia_arrival_mini_spirals, layout_loops_cross
D:2:      minmay_recursive_quarters, layout_basic, serial_shops,
          nicolae_shop_pleasant_corner_grove, uniq_jessica, uniq_sigmund

Skill      XL: |  1  2 |
---------------+-------+-----
Ranged Weapons | 3 |  3.0
Fighting       | 2 |  2.1
Dodging        | |  1.5
Spellcasting   | |  1.0
Hexes          | |  2.6

Action                     || total
---------------------------++-------
   Fire: Sling             ||    77
    Use: Scroll            ||     4
 Armour: Robe              ||    23
  Dodge: Dodged            ||    35

Table legend:
 A = Non-vault XP
 B = Vault XP
 C = Vault XP percentage of total XP
 D = Non-vault monster count
 E = Vault monster count
 F = Vault count percentage of total count
                 A         B        C        D         E       F
            +---------+---------+-------+---------+---------+-------
      Total |      25 |      15 |  37.5 |      14 |       2 |  12.5
            +---------+---------+-------+---------+---------+-------
        D:1 |      24 |       0 |   0.0 |      13 |       0 |   0.0
        D:2 |       1 |      15 |  93.8 |       1 |       2 |  66.7
            +---------+---------+-------+---------+---------+-------
